cohdb
Replays
Latest Replays
All Replays
Popular Replays
Top Player Replays
Match Explorer
How It Works
Community
CoH3 Stats
Reddit
Sign in to upload your games and track your stats! →
Sign in with Steam
Match 31531683
Unlisted
Match 31531683
Overview
Messages
Build Orders
End
Engineer Squad
Construct Barracks
Selects Advanced Infantry Battlegroup
Riflemen Squad
Riflemen Squad
Riflemen Squad
Infantry Support Center
Construct Motor Pool
Selects Convert to Ranger Squad
M1 Anti-tank Gun Team
Selects Frontline Medical Station
Frontline Medical Station
M1918 Browning Automatic Rifles
M1 Anti-tank Gun Team
Grenade Package
Advanced Logistics
Riflemen Squad
Selects Ammunition Storage
Selects M2A1 105mm Howitzer Emplacement
UMirinBrah?
Hevsik
Jonnies
5
JZuna
kxvhyjmy
0
0
Comments
sign in to comment!
No comments posted yet!